 Dungeon Crawl Stone Soup version 0.28.0-53-g5a82cb258f (webtiles) character file.

Game seed: 5721559736884053241

1803 ILmort the Jester (level 9, -9/82 HPs)
             Began as a Hill Orc Fighter on Aug 17, 2022.
             Was a Follower of Nemelex Xobeh.
             Mangled by an ogre
             ... wielding a +0 giant club
              (25 damage)
             ... on level 6 of the Dungeon.
             The game lasted 00:23:33 (6845 turns).

ILmort the Jester (Hill Orc Fighter)                Turns: 6845, Time: 00:23:33

Health: -9/82      AC: 11    Str: 23    XL:     9   Next: 9%
Magic:  16/16      EV:  7    Int:  8    God:    Nemelex Xobeh [*.....]
Gold:   344        SH:  4    Dex: 10    Spells: 8/8 levels left

rFire   . . .      SeeInvis .   a - +0 war axe
rCold   + . .      Faith    .   c - +0 buckler
rNeg    . . .      Spirit   .   f - +2 chain mail {rC+}
rPois   +          Reflect  .   (no helmet)
rElec   .          Harm     .   (no cloak)
rCorr   .          Rampage  .   (no gloves)
Will    .....                   (no boots)
Stlth   ..........              (no amulet)
HPRegen 0.23/turn               q - ring of poison resistance
MPRegen 0.15/turn               (no ring)

@: weak-willed, hasted, studying Invocations, very quick
A: no striking features
a: Renounce Religion, Draw Escape, Draw Destruction, Draw Summoning


You were on level 6 of the Dungeon.
You worshipped Nemelex Xobeh.
Nemelex Xobeh was aware of your devotion.
You visited 2 branches of the dungeon, and saw 7 of its levels.
You also visited: Sewer.

You collected 344 gold pieces.

Inventory:

Hand Weapons
 a - a +0 war axe (weapon)
 o - a +2 whip of electrocution
Armour
 c - a +0 buckler (worn)
 f - a +2 chain mail of cold resistance (worn)
Jewellery
 i - a ring of flight
 q - a ring of poison resistance (left hand)
Wands
 j - a wand of polymorph (2)
 n - a wand of flame (17)
Scrolls
 b - a scroll of magic mapping
 g - 6 scrolls of identify
 m - 2 scrolls of enchant weapon
 s - a scroll of vulnerability
Potions
 d - 3 potions of might
 l - 2 potions of lignification
 p - a potion of flight {unknown}
 r - a potion of invisibility {unknown}
 t - a potion of brilliance


   Skills:
 * Level 8.5 Fighting
 - Level 8.1 Axes
 + Level 4.6 Armour
 + Level 4.6 Shields
 - Level 10.5 Invocations


You had 8 spell levels left.
You didn't know any spells.
Your spell library contained the following spells:

 Spells                   Type           Power      Damage    Failure   Level
 Foxfire                  Conj/Fire      0%         2x1d4     99%         1
 Sublimation of Blood     Necr           0%         N/A       99%         2
 Conjure Flame            Conj/Fire      0%         6-21      100%        3
 Ignite Poison            Fire/Tmut/Pois 0%         N/A       100%        3
 Inner Flame              Hex/Fire       0%         N/A       100%        3
 Mephitic Cloud           Conj/Pois/Air  0%         N/A       100%        3
 Cause Fear               Hex            0%         N/A       100%        4
 Flame Wave               Conj/Fire      0%         2d4       100%        4
 Petrify                  Tmut/Erth      0%         N/A       100%        4
 Freezing Cloud           Conj/Ice/Air   0%         6-21      100%        5
 Irradiate                Conj/Tmut      0%         3d13      100%        5
 Dragon Form              Tmut           0%         N/A       100%        7
 Dragon's Call            Summ           0%         N/A       100%        9


Dungeon Overview and Level Annotations

Branches:
Dungeon (6/15)             Temple (1/1) D:4           Sewer (visited)

Altars:
Dithmenos
Fedhas
Kikubaaqudgha
Makhleb
Nemelex Xobeh
Okawaru
Ru
Trog
Vehumet
Wu Jian
Yredelemnul
Zin
The Shining One

Annotations:
D:6 1 transporter


Message History

You open the door.
The electric eel shoots out a bolt of lightning at you!
The bolt of electricity hits you! x2
There is an open door here.
The electric eel shoots out a bolt of lightning at you!
The bolt of electricity hits you!
You slash the plant!
The plant begins to die.
Okay, then.
Unknown command.
Okay, then.
You feel yourself speed up.
A nearby plant withers and dies.
The electric eel shoots out a bolt of lightning at you!
The bolt of electricity misses you. The bolt of electricity hits you.
There is an open door here.
The electric eel shoots out a bolt of lightning at you!
The bolt of electricity hits you!
You barely miss the electric eel.
The electric eel shoots out a bolt of lightning at you!
The bolt of electricity hits you!
You miss the electric eel.
The electric eel shoots out a bolt of lightning at you!
The bolt of electricity hits you!
* * * LOW HITPOINT WARNING * * *
As you read the scroll of teleportation, it crumbles to dust.
You feel strangely unstable.
The electric eel shoots out a bolt of lightning at you!
The bolt of electricity hits you!
* * * LOW HITPOINT WARNING * * *
The electric eel shoots out a bolt of lightning at you!
The bolt of electricity hits you but does no damage.
There is an open door here.
Your surroundings suddenly seem different.
An ogre comes into view. It is wielding a +0 giant club.
The ogre shouts!
As you read the scroll labelled GONYDO LAMIECS, it crumbles to dust.
Magic quickly surges around you.
It was a scroll of vulnerability.
It was a potion of curing.
You feel better.
The ogre hits you with a +0 giant club!!
You die...
Your body disappears without a glow.

#.............#
...............##
#...............#
.......<........#
##.........$?...#
#..............#
#..............#
##.......O....#
##......@...#
############


You could see an ogre (weak-willed).

Vanquished Creatures
  Edmund (D:5)
  2 black bears (D:6)
  An ice beast (D:6)
  A centaur (D:5)
  A boggart (D:6)
  2 bullfrogs (Sewer)
  A water moccasin zombie (D:6)
  A water moccasin skeleton (D:6)
  5 hounds
  2 jellies (D:6)
  A gnoll shaman (D:5)
  2 orc priests (D:5)
  8 orc wizards
  2 iguanas
  2 hound skeletons (D:4)
  A howler monkey zombie (D:5)
  A howler monkey skeleton (D:6)
  13 adders
  5 gnolls (D:5)
  A river rat (D:3)
  A shadow imp (D:5)
  A white imp (D:5)
  An adder skeleton (D:2)
  2 worms
  5 dart slugs
  13 orcs
  14 ball pythons
  13 endoplasms
  12 giant cockroaches
  15 goblins
  11 hobgoblins
  9 quokkas
  5 bats
  15 frilled lizards
  8 kobolds
  10 rats
188 creatures vanquished.

Vanquished Creatures (collateral kills)
  A wyvern zombie (D:5)
1 creature vanquished.

Vanquished Creatures (others)
  A plant (D:6)
1 creature vanquished.

Grand Total: 190 creatures vanquished

Notes
Turn   | Place    | Note
-------+----------+-------------------------------------------
     0 | D:1      | ILmort the Hill Orc Fighter began the quest for the Orb.
     0 | D:1      | Reached XP level 1. HP: 19/19 MP: 1/1
    84 | D:1      | Found a faded altar of an unknown god.
   299 | D:1      | Reached XP level 2. HP: 27/27 MP: 2/2
   676 | D:1      | Reached XP level 3. HP: 33/33 MP: 3/3
  1193 | D:2      | Reached XP level 4. HP: 41/41 MP: 4/4
  1237 | D:2      | Reached skill level 5 in Axes
  1796 | D:3      | Found a glowing drain.
  1827 | Sewer    | Entered a sewer
  1892 | Sewer    | Reached XP level 5. HP: 47/47 MP: 5/5
  2040 | Sewer    | Reached skill level 5 in Fighting
  2451 | Sewer    | Reached XP level 6. HP: 48/56 MP: 6/6
  3665 | D:4      | Reached XP level 7. HP: 63/63 MP: 7/7
  3797 | D:4      | Found a staircase to the Ecumenical Temple.
  3803 | Temple   | Entered the Ecumenical Temple
  4012 | Temple   | Became a worshipper of Nemelex Xobeh the Trickster
  4095 | D:4      | Found a bloodstained altar of Trog.
  4328 | D:4      | Reached skill level 1 in Invocations
  4399 | D:4      | Reached skill level 2 in Invocations
  4555 | D:4      | Reached skill level 3 in Invocations
  4578 | D:5      | Entered Level 5 of the Dungeon
  4672 | D:5      | Identified a scroll of acquirement
  4672 | D:5      | Acquired a manual of Invocations
  4688 | D:5      | Reached skill level 4 in Invocations
  4874 | D:5      | Reached skill level 5 in Invocations
  5093 | D:5      | Reached skill level 6 in Invocations
  5094 | D:5      | Reached XP level 8. HP: 68/73 MP: 12/12
  5205 | D:5      | Reached skill level 7 in Invocations
  5314 | D:5      | Reached skill level 8 in Invocations
  5330 | D:5      | Noticed Edmund
  5392 | D:5      | Killed Edmund
  5555 | D:5      | Reached * piety under Nemelex Xobeh
  5681 | D:5      | Reached skill level 9 in Invocations
  6257 | D:6      | Reached skill level 10 in Invocations
  6477 | D:6      | Received a gift from Nemelex Xobeh
  6495 | D:6      | Found a transporter.
  6501 | D:6      | Noticed Eustachio
  6514 | D:6      | Noticed Eustachio
  6514 | D:6      | Eustachio changed into Eustachio the boggart
  6531 | D:6      | Killed Eustachio the boggart
  6532 | D:6      | Reached XP level 9. HP: 54/81 MP: 16/16
  6735 | D:6      | Found a transporter.
  6845 | D:6      | Mangled by an ogre

Illustrated notes

Levels and vault maps discovered:
D:1:      eino_arrival_tree_alley, layout_rooms, ebering_ecumenical_altar_rust,
          minivault_25
D:2:      layout_loops_cross, kennysheep_generic_room_3
D:3:      cheibrodos_greedy_goblins, layout_loops_cross, portal_sewer_entry_a,
          grunt_ministairs_8
D:4:      layout_loops_cross, mainiacjoe_overflow_concentric_impassable,
          minmay_temple_entry_hall, minmay_a_box_with_orc_wizards_in_it
D:5:      nicolae_cairo_tiling_very_big, layout_loops_ring, uniq_edmund
D:6:      gammafunk_steamed_eel, layout_rooms,
          mainiacjoe_overflow_six_doors_small, kennysheep_small_square,
          uniq_eustachio
Temple:   minmay_temple_curvy_branch

Skill      XL: |  1  2  3  4  5  6  7  8 |
---------------+-------------------------+-----
Axes           | 3 4 5 6 8 |  8.1
Fighting       | 4 5 6 7 8 |  8.5
Invocations    | 6 10 | 10.5
Armour         | 4 |  4.6
Shields        | 4 |  4.6

Action                   |  1- 3 |  4- 6 |  7- 9 || total
-------------------------+-------+-------+-------++-------
Melee: War axe           |    95 |   275 |   250 ||   620
Invok: Draw Destruction  |       |       |     2 ||     2
  Use: Scroll            |       |     2 |    12 ||    14
       Potion            |       |       |     3 ||     3
Armor: Scale mail        |     9 |       |       ||     9
       Chain mail        |    47 |   155 |   154 ||   356
       Skin              |       |       |    10 ||    10
Dodge: Dodged            |    39 |    88 |    82 ||   209
Block: Buckler           |    19 |    54 |    51 ||   124
